← All builds
Tech / Armada / Economy first / OBSERVED BUILD

Sharpshooter snipers

Armada Tech (Eco) build order · Supreme Isthmus

Standard T2 rush into an early Sharpshooter-led sniper bot push around 8:10-8:38, pairing T2 constructor support for Geo with sniper bots fighting at the middle rather than just economy scaling.

Usually first T2 con to Geo (81%)

#t2 #raid · 99 distinct matches · 51 players · 3% of Armada Tech games · team won 27% of 100 · Recently observed

THE CATCH, AND WHAT COMES WITH IT
  • SharpshooterT2 bot snipers from 8:11 · 6% of role by thenFrom the Advanced Bot Lab. Only 6% of Tech games have it by then; others who build it get it around 9:07

Where those units first fight, in 98 games with kill data: in the middle 55%, on their own side 45%.

Those units destroy a typical 1,393 metal of enemy units by 15:00.

Then transitions into anti-nuke (13% of army).

HOW TO PLAY IT

Key timing: Sharpshooter out by 9:04

  1. Open standard T2 rush with Bot Lab first.
  2. Finish Advanced Bot Lab on the normal T2 timing.
  3. Upgrade mex as usual while eco scales.
  4. Push Sharpshooter snipers from Advanced Bot Lab to fight forward in middle.
  5. Keep producing T2 cons and anti-nuke for the team.

Phase by phase

TYPICAL OF ITS 99 GAMES · AGAINST STANDARD TECH
  1. 1
  2. 2
  3. 3
  4. 4
  5. 5
PLAY THE OPENING

Follow the example game's first 9:11 step by step: what to build now, what comes next, and where it goes. At 1× it keeps pace with your own game.

  1. 1

    Up to the Bot Lab

    Economy
    • Metal Extractor3Mex
    • Wind Turbine4Wind
    Order
    1. Bot LabBot Lab after 3 mex, 4 winddone ~1:17, middle half 1:13–1:38

    Some games also: energy storage (37%)

    By 1:00 in all: 3 mex · 4 wind

    The example game in this phase · 6 steps
    1. Mex ×2
    2. Wind
    3. Mex
    4. Wind ×4
    5. Energy storage
    6. Bot LabBot Labdone 1:36 · typical 1:17
  2. 2

    Bot Lab to Advanced Bot Lab

    Economy
    • Metal Extractor1Mex
    • Wind Turbine9Wind
    • Energy Storage1Energy storage
    Order
    1. Advanced Bot LabAdvanced Bot Lab after 4 mex, 13 wind, 3 con turretdone ~4:18, middle half 4:08–4:33
    Builders
    • Construction Turret3 Con turret
    • Lazarus3 Lazarus
    • Construction Bot2 Con bot
    • Construction Bot1 Con bot for allies

    Some games also: converter (43%)

    By 3:22 in all: 4 mex · 13 wind · 1 energy storage · 3 con turret

    The example game in this phase · 18 steps
    1. Wind
    2. LazarusLazarus
    3. Construction BotCon bot
    4. Wind
    5. Construction BotCon botfor Air
    6. Wind
    7. Con turretfor Air
    8. Construction BotCon bot
    9. Con turret
    10. Wind
    11. Mex
    12. Wind
    13. LazarusLazarus
    14. Wind
    15. Con turret
    16. Wind ×6
    17. Converter
    18. Advanced Bot LabAdvanced Bot Labdone 3:59 · typical 4:18
  3. 3

    Advanced Bot Lab to 5:00

    Economy
    • Wind Turbine1Wind−2 vs standard
    Order
    1. Bot LabEat Bot Lab
    Builders
    • Advanced Construction Bot1 T2 con bot for allies

    Some games also: converter (43%)

    By 5:00 in all: 4 mex · 15 wind · 2 converter · 1 energy storage · 3 con turret

    The example game in this phase · 4 steps
    1. Converter
    2. Bot LabEat Bot Labreclaimed for its metal
    3. Advanced Construction BotT2 con bot ×2for Geo
    4. Advanced Metal ExtractorT2 mex ×3done 4:46 · typical 5:17
  4. 4

    5:00 to T2 bot snipers

    Economy
    • Wind Turbine16Wind+5 vs standard
    • Energy Converter1Converter
    Order
    1. SharpshooterT2 bot snipers after 4 mex, 32 wind, 5 converterdone ~8:39, middle half 7:41–9:48
    Builders
    • Butler4 Butler
    • Advanced Construction Bot3 T2 con bot for allies

    Some games also: T2 con bot (36%)

    By 8:10 in all: 4 mex · 32 wind · 5 converter (standard 3) · 1 energy storage · 3 con turret

    The example game in this phase · 72 steps
    1. Advanced Construction BotT2 con botfor Geo sea
    2. Con turret
    3. Advanced Construction BotT2 con botfor Pond
    4. Wind
    5. Advanced Construction BotT2 con botfor Beach sea
    6. Wind
    7. Advanced Metal ExtractorT2 mex
    8. Wind
    9. ButlerButler
    10. Wind
    11. ButlerButler
    12. Wind ×2
    13. ButlerButler
    14. Wind ×2
    15. ButlerButler
    16. Wind
    17. ButlerButler
    18. Wind
    19. ButlerButler
    20. Wind
    21. ButlerButler ×2
    22. Wind ×4
    23. ButlerButler
    24. Wind ×5
    25. ButlerButler
    26. Wind ×6
    27. ButlerButler
    28. Con turret
    29. Wind ×5
    30. Converter
    31. Wind
    32. ButlerButler
    33. Wind ×3
    34. Converter
    35. Wind ×5
    36. UmbrellaAnti-nukedone 9:26
    37. Wind ×4
    38. Converter
    39. Wind
    40. Advanced solar
    41. Wind ×3
    42. Converter
    43. Wind ×5
    44. Converter
    45. Wind ×7
    46. Converter
    47. Wind ×9
    48. Converter ×2
    49. Wind ×3
    50. Converter
    51. Wind
    52. Advanced Construction BotT2 con bot
    53. Wind ×3
    54. Converter
    55. Wind
    56. Converter
    57. Wind
    58. Advanced solar
    59. Wind ×2
    60. Converter ×2
    61. Wind ×4
    62. SmugglerJammer bot
    63. Wind
    64. Converter
    65. Wind ×4
    66. Converter
    67. Wind
    68. CompassRadar bot
    69. Wind ×2
    70. Converter
    71. Wind
    72. SharpshooterSniper botdone 10:32 · typical 8:39
  5. 5

    T2 bot snipers to 10:00

    Economy
    • Wind Turbine19Wind−11 vs standard
    Army
    • Sharpshooter1 Sniper bot

    Some games also: converter (48%) · Butler (45%) · T2 con bot for allies (42%)

    The standard build makes here, this one skips: 4 converter · 5 Butler

    By 10:00 in all: 4 mex · 54 wind · 8 converter · 1 energy storage · 3 con turret

    The example game in this phase · 148 steps
    1. Wind ×3
    2. Converter
    3. Wind ×2
    4. Converter
    5. Wind ×3
    6. Converter
    7. Wind ×2
    8. Converter
    9. Wind ×4
    10. SharpshooterSniper bot
    11. Converter
    12. Wind ×4
    13. Converter
    14. Wind ×3
    15. Converter
    16. Wind ×2
    17. Converter
    18. Wind ×4
    19. SharpshooterSniper bot
    20. Wind
    21. Converter
    22. Wind
    23. Converter
    24. Wind ×4
    25. Converter
    26. Wind
    27. Converter
    28. Wind ×4
    29. Converter
    30. Wind ×7
    31. Converter
    32. Wind ×4
    33. Converter
    34. Wind ×6
    35. Converter
    36. Wind ×3
    37. Converter
    38. Wind ×4
    39. SharpshooterSniper bot
    40. Wind ×2
    41. Converter
    42. Wind ×3
    43. Converter
    44. Wind ×3
    45. Converter
    46. Wind ×5
    47. Converter ×2
    48. SharpshooterSniper bot
    49. Wind ×4
    50. Converter
    51. Wind ×4
    52. Converter
    53. Wind ×3
    54. Converter
    55. Bot LabBot Labdone 12:52
    56. WelderWelder
    57. Wind ×5
    58. Converter
    59. Wind ×2
    60. WelderWelder
    61. Converter
    62. Wind ×2
    63. Converter
    64. TickTick
    65. Converter
    66. Wind
    67. Converter
    68. Wind
    69. TickTick
    70. WelderWelder
    71. Advanced solar
    72. Wind ×3
    73. Converter
    74. TickTick
    75. Wind ×2
    76. LazarusLazarus
    77. WelderWelder
    78. Converter
    79. Wind
    80. Converter
    81. Wind ×3
    82. Converter
    83. Wind
    84. Converter
    85. Wind
    86. WelderWelder
    87. Wind
    88. LazarusLazarus
    89. Wind
    90. Converter
    91. Wind ×2
    92. Advanced solar
    93. Converter
    94. Wind ×2
    95. WelderWelder
    96. Con turret
    97. Converter
    98. Wind ×2
    99. LazarusLazarus
    100. Wind ×2
    101. TracerTracer
    102. Wind
    103. Converter
    104. Wind
    105. Con turret
    106. Wind ×2
    107. Converter
    108. Wind
    109. Converter
    110. Wind
    111. LazarusLazarus
    112. Wind
    113. Con turret
    114. Wind
    115. Converter
    116. Wind ×3
    117. Converter
    118. Wind ×3
    119. Converter
    120. Wind
    121. TickTick
    122. Advanced solar
    123. Wind ×2
    124. Converter
    125. Wind ×2
    126. TickTick
    127. Wind ×3
    128. Converter
    129. Wind ×3
    130. TickTick
    131. Wind ×2
    132. Fusion ReactorFusionnot finished by 15:00
    133. Converter
    134. Wind ×4
    135. TickTick
    136. Wind ×2
    137. Converter
    138. Wind ×3
    139. TickTick
    140. Wind ×2
    141. Con turret
    142. Converter
    143. Wind ×4
    144. TickTick
    145. Converter
    146. Wind ×2
    147. TickTick
    148. Wind

Counts are medians over the build's games: half of them build more, half fewer. The example game is bob7's (32 OS, 13/09/2026); pick another.

Team trades

IN AT LEAST 30% OF ITS GAMES

You hand over

  • Construction Bot1 Con bot to Airfirst at 2:24 · in 89% of games
  • Advanced Construction Bot5 T2 con bot to Geo sea or Air or Pondfirst at 4:59 · in 100% of games
  • Butler2 Butler to Geo sea or Beach seafirst at 10:30 · in 36% of games

You get

  • Hercules2 Light transport from Airfirst at 4:04 · in 88% of games

How it plays out

Typical game of this build against the role’s standard build, running totals by minute

  • This build
  • Standard tech

Metal produced

020k40k
0:005:0010:0015:00

metal

Enemy metal destroyed

01k2k3k
0:005:0010:0015:00

metal

Own metal lost

05001k
0:005:0010:0015:00

metal

100 games.

Show as table
ByMetal produced: This buildMetal produced: Standard techEnemy metal destroyed: This buildEnemy metal destroyed: Standard techOwn metal lost: This buildOwn metal lost: Standard tech
1:003833830000
2:009139150000
3:00160416510000
4:00309831430000
5:00487048480000
6:00595658000000
7:00752072270000
8:00930690610000
9:0011455111690000
10:001380213502179000
11:0016263162396490690
12:001900819652101401300
13:002228123441151203280
14:0026270273571782068074
15:003009231538248185910130
WHAT THE NUMBERS SAY

Won far less often than the standard build, losing a lot more metal for only a modest gain in enemy metal destroyed.

  • + Enemy metal destroyed by 15:00 well above standard (2598 vs 262).
  • − Team win rate collapses to 21% vs standard's 53%.
  • − Own metal lost by 15:00 far exceeds standard (1360 vs 196).
THE EXAMPLE YOU ARE READING

bob7

31.7 OS · 13/09/2026

Open source match ↗

4 received units
1971 metal received · 42888 energy received

Allied construction assistance is unknown. Timings are observations, not a promise of solo reproducibility.

Typical milestones

Bot Lab1:17Middle 50%: 1:13–1:38 · n=100
Advanced Bot Lab4:18Middle 50%: 4:08–4:33 · n=100
Advanced Metal Extractor5:17Middle 50%: 4:57–5:41 · n=100
Sharpshooter8:39Middle 50%: 7:41–9:48 · n=100

Played most by

Amrissa15games of this buildDRM6games of this buildTheGeneraI5games of this buildenderOS14games of this buildKontraption4games of this build